| TOP OF THE 1ST |
|
Clinton LumberKings batting - Pitching for Lake County Captains : RHP Jose Esteban
|
|
Pitching: RHP Jose Esteban
|
|
|
Batting: RHB Antonio Oyola
|
0-0: Called Strike 0-1: Ball 1-1: Ball 2-1: Ground out 5-3 (Groundball, 56S, EV 68.1 MPH)
|
|
Batting: RHB Rich Justice
|
0-0: Ball 1-0: Swinging Strike 1-1: Ball 2-1: SINGLE (Line Drive, 8RS, EV 108.8 MPH)
|
|
Batting: LHB Jason Kinney
|
0-0: Called Strike 0-1: Swinging Strike 0-2: Foul Ball, location: 2F 0-2: Foul Ball, location: 2F 0-2: Strikes out swinging
|
|
Batting: RHB Kinzo Yokoyama
|
0-0: Ball 1-0: 2-RUN HOME RUN (Flyball, 78XD, EV 115.6 MPH), Distance : 437 ft
|
|
Batting: RHB Chris Skaff
|
0-0: Ball 1-0: Ball 2-0: Called Strike 2-1: Foul Ball, location: 2F 2-2: Fly out, F7 (Line Drive, 7D, EV 94.4 MPH)
|
| Top of the 1st over - 2 runs, 2 hits, 0 errors, 0 left on base; Clinton 2 - Lake County 0 |
| BOTTOM OF THE 1ST |
|
Lake County Captains batting - Pitching for Clinton LumberKings : LHP Carlos Munoz
|
|
Pitching: LHP Carlos Munoz
|
|
|
Batting: RHB Kenzo Shinoda
|
0-0: Ball 1-0: Ball 2-0: Ball 3-0: Called Strike 3-1: Foul Ball, location: 2F 3-2: Ground out 6-3 (Groundball, 56, EV 84.4 MPH)
|
|
Batting: RHB Josh Patterson
|
0-0: Foul Ball, location: 2F 0-1: Called Strike 0-2: Ball 1-2: Strikes out swinging
|
|
Batting: RHB Carlos Abrego
|
0-0: Ground out 4-3 (Groundball, 34, EV 95.6 MPH)
|
| Bottom of the 1st over - 0 runs, 0 hits, 0 errors, 0 left on base; Clinton 2 - Lake County 0 |
| TOP OF THE 2ND |
|
Clinton LumberKings batting - Pitching for Lake County Captains : RHP Jose Esteban
|
|
Batting: RHB Tze-meng Li
|
0-0: Called Strike 0-1: Called Strike 0-2: Ball 1-2: Strikes out swinging
|
|
Batting: LHB Josh Gottlieb
|
0-0: Ground out 4-3 (Groundball, 4, EV 105.6 MPH)
|
|
Batting: SHB Raghnall Ahearne
|
0-0: Called Strike 0-1: SINGLE (Line Drive, 78S, EV 90.6 MPH)
|
|
Batting: RHB David Greene
|
0-0: Ball 1-0: Ball 2-0: Fielders Choice at 2nd, 6-4 (Groundball, 6, EV 109.4 MPH)
|
| Top of the 2nd over - 0 runs, 1 hit, 0 errors, 1 left on base; Clinton 2 - Lake County 0 |
| BOTTOM OF THE 2ND |
|
Lake County Captains batting - Pitching for Clinton LumberKings : LHP Carlos Munoz
|
|
Batting: SHB Justin Veatch
|
0-0: Ball 1-0: Ball 2-0: Ball 3-0: Called Strike 3-1: Ground out 6-3 (Groundball, 56, EV 106.2 MPH)
|
|
Batting: RHB Carlos Salazar
|
0-0: Ball 1-0: SINGLE (Groundball, 6S, EV 70.6 MPH) (infield hit)
|
|
Batting: RHB Chris Diaz
|
0-0: Fly out, F8 (Flyball, 8RD, EV 102.5 MPH)
|
|
Batting: RHB Steve Gusman
|
0-0: Ball 1-0: Called Strike 1-1: Called Strike Carlos Salazar steals 2nd base 1-2: Ball 2-2: Foul Ball, location: 2F 2-2: Foul Ball, location: 2F 2-2: Ball 3-2: Ground out 6-3 (Groundball, 6, EV 98.8 MPH)
|
| Bottom of the 2nd over - 0 runs, 1 hit, 0 errors, 1 left on base; Clinton 2 - Lake County 0 |
| TOP OF THE 3RD |
|
Clinton LumberKings batting - Pitching for Lake County Captains : RHP Jose Esteban
|
|
Batting: RHB Antonio Oyola
|
0-0: Ground out 5-3 (Groundball, 5, EV 89.4 MPH)
|
|
Batting: RHB Rich Justice
|
0-0: Ball 1-0: SINGLE (Line Drive, 9LM, EV 101.9 MPH)
|
|
Batting: LHB Jason Kinney
|
0-0: Ball 1-0: Called Strike 1-1: Ball Rich Justice steals 2nd base 2-1: Swinging Strike 2-2: Strikes out looking
|
|
Batting: RHB Kinzo Yokoyama
|
0-0: Fly out, F9 (Line Drive, 89S, EV 89.4 MPH)
|
| Top of the 3rd over - 0 runs, 1 hit, 0 errors, 1 left on base; Clinton 2 - Lake County 0 |
| BOTTOM OF THE 3RD |
|
Lake County Captains batting - Pitching for Clinton LumberKings : LHP Carlos Munoz
|
|
Batting: RHB John Bianconi
|
0-0: Ball 1-0: Ball 2-0: Swinging Strike 2-1: Foul Ball, location: 2F 2-2: Ground out 4-3 (Groundball, 4D, EV 90.6 MPH)
|
|
Batting: RHB Adam McMillen
|
0-0: Ball 1-0: Foul Ball, location: 2F 1-1: Ball 2-1: Foul Ball, location: 2F 2-2: Ball 3-2: Strikes out swinging
|
|
Batting: RHB Kenzo Shinoda
|
0-0: Reached on error, E5 (Groundball, 56, EV 83.8 MPH)
|
|
Batting: RHB Josh Patterson
|
0-0: Called Strike Kenzo Shinoda steals 2nd base 0-1: Ball 1-1: Foul Ball, location: 2F 1-2: Ball 2-2: SINGLE (Groundball, 56D, EV 105.0 MPH) Kenzo Shinoda to third Runner from 3rd tries for Home, throw by LF and OUT! 7-2
|
| Bottom of the 3rd over - 0 runs, 1 hit, 1 error, 1 left on base; Clinton 2 - Lake County 0 |
| TOP OF THE 4TH |
|
Clinton LumberKings batting - Pitching for Lake County Captains : RHP Jose Esteban
|
|
Batting: RHB Chris Skaff
|
0-0: Called Strike 0-1: Ball 1-1: Called Strike 1-2: Ball 2-2: Ball 3-2: Base on Balls
|
|
Batting: RHB Tze-meng Li
|
0-0: Called Strike 0-1: Ball 1-1: Grounds into double play, 4-6-3 (Groundball, 34, EV 91.9 MPH)
|
|
Batting: LHB Josh Gottlieb
|
0-0: Foul Ball, location: 2F 0-1: Called Strike 0-2: Ball 1-2: Ball 2-2: Ball 3-2: Foul Ball, location: 2F 3-2: Base on Balls
|
|
Batting: SHB Raghnall Ahearne
|
0-0: Ball 1-0: Swinging Strike 1-1: Ball 2-1: Swinging Strike 2-2: SINGLE (Line Drive, 7S, EV 106.2 MPH) Josh Gottlieb to second
|
|
Batting: RHB David Greene
|
0-0: Called Strike 0-1: Foul Ball, location: 2F 0-2: Foul Ball, location: 2F 0-2: Foul Ball, location: 2F 0-2: Ball 1-2: Ball 2-2: Fielders Choice at 2nd, U4 (Groundball, 4M, EV 82.5 MPH)
|
| Top of the 4th over - 0 runs, 1 hit, 0 errors, 2 left on base; Clinton 2 - Lake County 0 |
| BOTTOM OF THE 4TH |
|
Lake County Captains batting - Pitching for Clinton LumberKings : LHP Carlos Munoz
|
|
Batting: RHB Carlos Abrego
|
0-0: Called Strike 0-1: Fly out, F4 (Line Drive, 4, EV 63.8 MPH)
|
|
Batting: SHB Justin Veatch
|
0-0: Foul Ball, location: 2F 0-1: Ball 1-1: Ball 2-1: Foul Ball, location: 2F 2-2: Foul Ball, location: 2F 2-2: Strikes out swinging
|
|
Batting: RHB Carlos Salazar
|
0-0: Ball 1-0: Ball 2-0: Ball 3-0: Base on Balls
|
|
Batting: RHB Chris Diaz
|
0-0: Ball 1-0: SINGLE (Line Drive, 56D, EV 96.9 MPH) Carlos Salazar to second
|
|
Batting: RHB Steve Gusman
|
0-0: Ball 1-0: Called Strike 1-1: Called Strike 1-2: Foul Ball, location: 2F 1-2: Ball 2-2: Strikes out looking
|
| Bottom of the 4th over - 0 runs, 1 hit, 0 errors, 2 left on base; Clinton 2 - Lake County 0 |
| TOP OF THE 5TH |
|
Clinton LumberKings batting - Pitching for Lake County Captains : RHP Jose Esteban
|
|
Batting: RHB Antonio Oyola
|
0-0: Ground out 5-3 (Groundball, 56, EV 105.0 MPH)
|
|
Batting: RHB Rich Justice
|
0-0: Ground out U3 (Groundball, 3S, EV 88.1 MPH)
|
|
Batting: LHB Jason Kinney
|
0-0: Called Strike 0-1: Called Strike 0-2: Foul Ball, location: 2F 0-2: Ball 1-2: Ball 2-2: Strikes out swinging
|
| Top of the 5th over - 0 runs, 0 hits, 0 errors, 0 left on base; Clinton 2 - Lake County 0 |
| BOTTOM OF THE 5TH |
|
Lake County Captains batting - Pitching for Clinton LumberKings : LHP Carlos Munoz
|
|
Batting: RHB John Bianconi
|
0-0: Ball 1-0: Called Strike 1-1: Called Strike 1-2: Ball 2-2: Ground out 5-3 (Groundball, 56, EV 83.8 MPH)
|
|
Pitching: RHP Daniel Villalobos
|
|
|
Batting: RHB Adam McMillen
|
0-0: Ball 1-0: Swinging Strike 1-1: Ground out 6-3 (Groundball, 6, EV 87.5 MPH)
|
|
Pinch Hitting: LHB Nick Welling
|
0-0: Fly out, F4 (Line Drive, 4, EV 70.0 MPH)
|
| Bottom of the 5th over - 0 runs, 0 hits, 0 errors, 0 left on base; Clinton 2 - Lake County 0 |
| TOP OF THE 6TH |
|
Clinton LumberKings batting - Pitching for Lake County Captains : RHP Jose Esteban
|
|
Now in LF: Steve Gusman
|
|
|
Now in CF: Carlos Salazar
|
|
|
Now in RF: Nick Welling
|
|
|
Batting: RHB Kinzo Yokoyama
|
0-0: Foul Ball, location: 2F 0-1: Foul Ball, location: 2F 0-2: Ball 1-2: Ground out 6-3 (Groundball, 6, EV 87.5 MPH)
|
|
Batting: RHB Chris Skaff
|
0-0: Ball 1-0: Ball 2-0: Foul Ball, location: 2F 2-1: Fly out, F8 (Flyball, 8RS, EV 87.5 MPH)
|
|
Batting: RHB Tze-meng Li
|
0-0: Ball 1-0: Foul Ball, location: 2F 1-1: Foul Ball, location: 2F 1-2: Ball 2-2: Foul Ball, location: 2F 2-2: Foul Ball, location: 2F 2-2: Ground out 6-3 (Groundball, 6, EV 82.5 MPH)
|
| Top of the 6th over - 0 runs, 0 hits, 0 errors, 0 left on base; Clinton 2 - Lake County 0 |
| BOTTOM OF THE 6TH |
|
Lake County Captains batting - Pitching for Clinton LumberKings : RHP Daniel Villalobos
|
|
Batting: RHB Josh Patterson
|
0-0: Foul Ball, location: 2F 0-1: Swinging Strike 0-2: Ground out 5-3 (Groundball, 56S, EV 83.1 MPH)
|
|
Batting: RHB Carlos Abrego
|
0-0: Ball 1-0: Called Strike 1-1: Foul Ball, location: 2F 1-2: Ball 2-2: Ball 3-2: SINGLE (Groundball, 6MD, EV 94.4 MPH)
|
|
Batting: SHB Justin Veatch
|
0-0: Called Strike 0-1: Ball 1-1: Ball Carlos Abrego is caught stealing 2nd base 2-6 2-1: Ball 3-1: Foul Ball, location: 2F 3-2: Fly out, F3 (Popup, 3, EV 58.8 MPH)
|
| Bottom of the 6th over - 0 runs, 1 hit, 0 errors, 0 left on base; Clinton 2 - Lake County 0 |
| TOP OF THE 7TH |
|
Clinton LumberKings batting - Pitching for Lake County Captains : RHP Jose Esteban
|
|
Batting: LHB Josh Gottlieb
|
0-0: Ball 1-0: Foul Ball, location: 2F 1-1: Foul Ball, location: 2F 1-2: Strikes out swinging
|
|
Batting: SHB Raghnall Ahearne
|
0-0: Called Strike 0-1: Ball 1-1: Foul Ball, location: 2F 1-2: Ball 2-2: Ball 3-2: Foul Ball, location: 2F 3-2: Foul Ball, location: 2F 3-2: Strikes out swinging
|
|
Batting: RHB David Greene
|
0-0: Ball 1-0: Reached on error, E3 (Groundball, 34, EV 80.0 MPH)
|
|
Pitching: RHP Arturo Rojas
|
|
|
Batting: RHB Antonio Oyola
|
0-0: Ball 1-0: Fly out, F9 (Flyball, 9D, EV 91.2 MPH)
|
| Top of the 7th over - 0 runs, 0 hits, 1 error, 1 left on base; Clinton 2 - Lake County 0 |
| BOTTOM OF THE 7TH |
|
Lake County Captains batting - Pitching for Clinton LumberKings : RHP Daniel Villalobos
|
|
Pitching: RHP Lorenzo Gutierrez
|
|
|
Batting: RHB Carlos Salazar
|
0-0: Ball 1-0: Ball 2-0: Swinging Strike 2-1: Ball 3-1: Base on Balls
|
|
Pinch Hitting: LHB Frank Hill
|
0-0: Ball Carlos Salazar steals 2nd base (no throw) 1-0: Foul Ball, location: 2F 1-1: Ball 2-1: Foul Ball, location: 2F 2-2: Ball 3-2: Foul Ball, location: 2F 3-2: Foul Ball, location: 2F 3-2: Ground out 3-1 (Groundball, 34, EV 83.8 MPH) Carlos Salazar to third
|
|
Pinch Hitting: LHB Hirakito Herring
|
0-0: Called Strike 0-1: Called Strike 0-2: Ball 1-2: Strikes out swinging
|
|
Pinch Hitting: LHB Kazuyoshi Nakamura
|
0-0: Ball 1-0: Ball 2-0: Ball 3-0: Base on Balls
|
|
Pitching: LHP Adam Schmidt
|
|
|
Batting: RHB Adam McMillen
|
0-0: Fielders Choice at 2nd, 6-4 (Groundball, 56D, EV 83.1 MPH)
|
| Bottom of the 7th over - 0 runs, 0 hits, 0 errors, 2 left on base; Clinton 2 - Lake County 0 |
| TOP OF THE 8TH |
|
Clinton LumberKings batting - Pitching for Lake County Captains : RHP Arturo Rojas
|
|
Now at 2B: Hirakito Herring
|
|
|
Now at 3B: Jeremy Givens
|
|
|
Now in LF: Kazuyoshi Nakamura
|
|
|
Batting: RHB Rich Justice
|
0-0: Called Strike 0-1: Foul Ball, location: 2F 0-2: Ball 1-2: Strikes out swinging
|
|
Batting: LHB Jason Kinney
|
0-0: Ball 1-0: Called Strike 1-1: Foul Ball, location: 2F 1-2: Foul Ball, location: 2F 1-2: Ball 2-2: Foul Ball, location: 2F 2-2: Ball 3-2: Foul Ball, location: 2F 3-2: Ground out 6-3 (Groundball, 4M, EV 86.2 MPH)
|
|
Batting: RHB Kinzo Yokoyama
|
0-0: Called Strike 0-1: Called Strike 0-2: Ball 1-2: Strikes out looking
|
| Top of the 8th over - 0 runs, 0 hits, 0 errors, 0 left on base; Clinton 2 - Lake County 0 |
| BOTTOM OF THE 8TH |
|
Lake County Captains batting - Pitching for Clinton LumberKings : LHP Adam Schmidt
|
|
Batting: LHB Nick Welling
|
0-0: Ball 1-0: Foul Ball, location: 2F 1-1: Fly out, F9 (Line Drive, 9, EV 90.0 MPH)
|
|
Batting: RHB Josh Patterson
|
0-0: Foul Ball, location: 2F 0-1: Ground out 4-3 (Groundball, 6M, EV 83.1 MPH)
|
|
Batting: RHB Carlos Abrego
|
0-0: Called Strike 0-1: Foul Ball, location: 2F 0-2: Ball 1-2: Foul Ball, location: 2F 1-2: Ball 2-2: Foul Ball, location: 2F 2-2: Ball 3-2: Base on Balls
|
|
Batting: SHB Justin Veatch
|
0-0: Ball 1-0: Called Strike 1-1: Ground out 4-3 (Groundball, 34, EV 81.2 MPH)
|
| Bottom of the 8th over - 0 runs, 0 hits, 0 errors, 1 left on base; Clinton 2 - Lake County 0 |
| TOP OF THE 9TH |
|
Clinton LumberKings batting - Pitching for Lake County Captains : RHP Arturo Rojas
|
|
Pitching: RHP Victor Barron
|
|
|
Batting: RHB Chris Skaff
|
0-0: Ball 1-0: Ball 2-0: Foul Ball, location: 2F 2-1: Foul Ball, location: 2F 2-2: Ball 3-2: SINGLE (Groundball, 6MD, EV 110.0 MPH)
|
|
Batting: RHB Tze-meng Li
|
0-0: Called Strike 0-1: Grounds into double play, 6-4-3 (Groundball, 6, EV 81.9 MPH)
|
|
Batting: LHB Josh Gottlieb
|
0-0: Ground out 4-3 (Groundball, 4, EV 79.4 MPH)
|
| Top of the 9th over - 0 runs, 1 hit, 0 errors, 0 left on base; Clinton 2 - Lake County 0 |
| BOTTOM OF THE 9TH |
|
Lake County Captains batting - Pitching for Clinton LumberKings : LHP Adam Schmidt
|
|
Pitching: RHP Dave Williams
|
|
|
Batting: RHB Carlos Salazar
|
0-0: Ball 1-0: Ball 2-0: Called Strike 2-1: Ball 3-1: Foul Ball, location: 2F 3-2: Strikes out swinging
|
|
Pinch Hitting: SHB Manny Trump
|
0-0: Called Strike 0-1: Ground out 3-1 (Groundball, 34D, EV 97.5 MPH)
|
|
Batting: LHB Hirakito Herring
|
0-0: Ball 1-0: Ball 2-0: Ball 3-0: Base on Balls
|
|
Batting: LHB Kazuyoshi Nakamura
|
0-0: Ball 1-0: Foul Ball, location: 2F 1-1: Ball 2-1: Fielders Choice at 2nd, 5-4 (Groundball, 56, EV 84.4 MPH)
|
| Bottom of the 9th over - 0 runs, 0 hits, 0 errors, 1 left on base; Clinton 2 - Lake County 0 |
|